Map: Bel'Shir Vestige LE (Void)

Players

Dana - Winner!

  • Race: Zerg Zerg
  • Spawn Location: 11:00

Elroye

  • Race: Zerg Zerg
  • Spawn Location: 5:00

Event: IEM XI Katowice - World Championship 2017

VOD

Have the link to the VOD?

Description

Time

  • Played on: Feb. 27, 2017, 6:28 a.m.
  • Length: 11:37

All games in this series

Show
View Real Time Build Order
Export as new Build Order

Dana Zerg - Winner!

Build Orders: Hatch First, Zergling Baneling 

Get SALT Encoding   

  12  0:00  Drone  
  13  0:12  Overlord  
  13  0:16  Drone  
  14  0:30  Drone x2  
  14  0:34  Drone  
  17  0:52  Hatchery  
  17  0:54  Drone  
  17  0:57  Drone  
  17  1:00  Extractor  
  17  1:12  Spawning Pool  
  17  1:15  Drone  
  17  1:18  Drone  
  18  1:27  Drone  
  19  1:39  Overlord  
  19  1:50  Drone  
  20  1:58  Queen  
  20  2:00  Zergling x2  
  23  2:03  Queen  
  23  2:04  Metabolic Boost, Zergling x2  
  26  2:11  Drone  
  26  2:14  Drone  
  28  2:22  Drone  
  29  2:25  Drone  
  30  2:32  Drone  
  30  2:35  Drone  
  32  2:41  Hatchery  
  31  2:45  Overlord  
  31  2:47  Drone  
  31  2:50  Baneling Nest  
  31  2:53  Drone  
  31  2:58  Drone  
  33  3:04  Drone  
  34  3:05  Zergling x2  
  34  3:06  Zergling x2  
  34  3:08  Zergling x4  
  34  3:12  Zergling x4  
  40  3:14  Zergling x2  
  41  3:21  Overlord  
  41  3:23  Zergling x2  
  42  3:33  Zergling x2  
  38  3:41  Zergling x6  
  38  3:42  Zergling x4  
  38  3:43  Zergling x2  
  38  3:45  Baneling  
  38  3:46  Baneling x4  
  44  3:51  Zergling x4  
  44  3:52  Zergling x2  
  44  3:55  Zergling x4  
  49  4:06  Zergling x4  
  49  4:07  Zergling x2  
  50  4:16  Zergling x8  
  53  4:17  Zergling x2  
  53  4:23  Zergling x8  
  54  4:28  Baneling x2  
  54  4:29  Baneling x4  
  54  4:38  Zergling x6  
  57  4:40  Zergling x4  
  56  4:54  Zergling x4  
  56  4:57  Zergling x4  
  55  5:00  Overlord  
  55  5:03  Zergling x2  
  55  5:05  Overlord  
  50  5:07  Zergling x8  
  50  5:11  Zergling x2  
  52  5:19  Zergling x6  
  50  5:26  Roach Warren, Baneling  
  50  5:27  Baneling x3  
  47  5:33  Zergling x6  
  47  5:34  Baneling x2  
  49  5:37  Drone x3  
  49  5:39  Zergling x4  
  51  5:55  Zergling x14  
  58  6:02  Baneling x3  
  56  6:08  Drone  
  56  6:09  Drone x2  
  56  6:10  Drone x2  
  59  6:13  Overlord  
  59  6:15  Roach x2  
  62  6:19  Overlord  
  58  6:30  Roach  
  57  6:34  Roach, Drone  
  57  6:35  Drone x4  
  57  6:38  Overlord  
  64  6:42  Extractor  
  64  6:43  Drone x3  
  64  6:46  Roach  
  67  7:01  Roach x2  
  69  7:05  Queen  
  69  7:07  Evolution Chamber  
  69  7:08  Queen x2  
  72  7:14  Overlord  
  78  7:15  Roach x2  
  78  7:18  Overlord  
  78  7:19  Drone x2  
  78  7:20  Roach  
  78  7:22  Drone  
  83  7:25  Roach  
  83  7:27  Baneling  
  83  7:29  Drone x2  
  85  7:30  Drone  
  85  7:34  Overlord  
  85  7:35  Drone x2  
  88  7:38  Drone x2  
  88  7:41  Overlord, Extractor  
  89  7:48  Lair, Drone  
  89  7:49  Drone  
  91  7:52  Extractor  
  91  7:53  Drone x2  
  92  7:58  Drone  
  92  7:59  Drone x3  
  96  8:07  Roach x2  
  96  8:10  Roach  
  96  8:11  Roach  
  104  8:15  Extractor  
  104  8:16  Roach x2  
  104  8:17  Roach  
  104  8:18  Overlord  
  109  8:21  Roach  
  109  8:23  Roach  
  113  8:27  Roach x2  
  113  8:28  Overlord  
  113  8:32  Roach, Drone  
  120  8:35  Roach  
  120  8:38  Roach  
  120  8:40  Roach  
  126  8:43  Overlord  
  126  8:44  Roach  
  128  8:50  Overseer  
  128  8:51  Overlord  
  128  8:53  Glial Reconstitution  
  134  9:15  Overlord  
  130  9:17  Roach x6  
  130  9:18  Roach x3  
  130  9:23  Drone  
  147  9:26  Roach x4  
  147  9:29  Overlord  
  147  9:30  Overlord x2  
  155  9:35  Roach x3  
  161  9:43  Overlord  
  161  9:48  Roach x2  
  161  9:52  Roach x2  
  168  10:03  Roach x4  
  168  10:06  Hatchery  
  175  10:08  Roach x2  
  175  10:09  Roach x2  
  182  10:14  Roach  
  182  10:15  Roach x3  
  182  10:19  Roach  
  182  10:20  Overlord  
  192  10:24  Overlord  
  192  10:25  Roach  
  194  10:40  Roach x5  
  194  10:41  Roach x2  
  187  10:44  Roach  
  187  10:46  Roach  
  173  10:51  Roach  
  173  10:52  Roach x2  
  173  10:53  Roach  
  173  10:55  Roach  
  169  10:59  Roach x2  
  169  11:02  Roach  
  175  11:06  Roach x2  
  175  11:09  Roach x2  
  181  11:12  Roach  
Show
View Real Time Build Order
Export as new Build Order

Elroye Zerg 

Build Orders: Hatch First, Zergling Baneling 

Get SALT Encoding   

  12  0:00  Drone  
  13  0:12  Overlord  
  13  0:16  Drone  
  14  0:30  Drone x2  
  14  0:34  Drone  
  17  0:52  Hatchery  
  17  0:53  Drone  
  17  0:56  Drone  
  18  1:01  Extractor  
  17  1:12  Spawning Pool  
  17  1:14  Drone  
  17  1:17  Drone  
  18  1:27  Drone  
  19  1:38  Overlord  
  19  1:49  Drone  
  20  1:59  Queen  
  20  2:01  Zergling x2  
  23  2:02  Metabolic Boost  
  23  2:03  Queen  
  23  2:04  Zergling x2  
  26  2:11  Drone  
  26  2:14  Drone  
  28  2:21  Drone  
  29  2:25  Drone, Baneling Nest  
  29  2:32  Drone  
  29  2:36  Drone  
  31  2:49  Hatchery  
  31  2:50  Drone  
  31  2:54  Overlord  
  31  2:57  Zergling x2  
  32  3:01  Zergling x2  
  32  3:04  Zergling x2  
  34  3:07  Zergling x4  
  34  3:11  Baneling x4  
  36  3:14  Zergling x2  
  36  3:15  Zergling x2  
  36  3:19  Zergling x2  
  39  3:21  Zergling x2  
  39  3:24  Zergling x2  
  41  3:28  Zergling x4  
  39  3:43  Baneling x2  
  39  3:44  Zergling x2  
  39  3:45  Zergling x6  
  43  3:49  Overlord  
  42  4:00  Overlord, Drone  
  43  4:04  Baneling x2  
  43  4:08  Drone x2  
  45  4:10  Zergling x2  
  45  4:11  Zergling x2  
  45  4:15  Baneling  
  45  4:16  Baneling  
  45  4:25  Drone x4  
  45  4:26  Drone x5  
  54  4:32  Queen  
  54  4:37  Baneling x2  
  55  4:48  Baneling x2  
  47  5:01  Zergling x12  
  47  5:02  Zergling x6  
  48  5:09  Zergling x4  
  48  5:10  Zergling x2  
  42  5:31  Baneling x4  
  42  5:35  Drone x4  
  46  5:39  Zergling x2  
  42  6:00  Zergling x18  
  45  6:14  Baneling x2  
  45  6:17  Zergling x2  
  44  6:19  Drone x3  
  44  6:21  Roach Warren  
  40  6:27  Drone  
  40  6:30  Drone x4  
  41  6:39  Baneling x2  
  40  6:41  Zergling x4  
  40  6:46  Zergling x2  
  43  7:00  Zergling x8  
  44  7:02  Drone x3  
  47  7:10  Lair  
  47  7:16  Hatchery, Drone x2  
  47  7:17  Drone  
  49  7:23  Drone  
  49  7:25  Extractor  
  49  7:27  Drone  
  49  7:42  Roach  
  49  7:43  Overlord  
  51  7:44  Overlord x2  
  51  7:45  Overlord  
  51  8:02  Roach x4  
  51  8:03  Roach  
  63  8:12  Evolution Chamber  
  60  8:19  Drone x2  
  62  8:20  Drone  
  62  8:21  Drone  
  62  8:23  Drone x2  
  62  8:24  Extractor  
  65  8:27  Drone x3  
  65  8:28  Drone x2  
  65  8:32  Drone  
  71  8:35  Queen  
  71  8:37  Drone  
  71  8:41  Zerg Missile Weapons Level 1  
  74  8:44  Drone  
  74  8:45  Drone  
  76  8:49  Overlord  
  76  8:50  Overlord  
  76  8:53  Roach  
  77  8:57  Overlord, Roach x2  
  77  8:58  Overlord  
  81  9:04  Overlord  
  81  9:09  Roach x3  
  87  9:11  Unknown  
  87  9:12  Roach  
  87  9:13  Extractor  
  87  9:15  Roach x2  
  92  9:22  Roach x2  
  92  9:23  Glial Reconstitution, Roach x2  
  100  9:28  Roach x2  
  100  9:29  Overlord  
  104  9:33  Roach  
  104  9:34  Roach  
  104  9:36  Roach  
  110  9:44  Roach x2  
  114  9:46  Roach x2  
  114  9:48  Overlord  
  114  9:50  Roach  
  114  9:52  Drone x2  
  122  9:53  Drone  
  122  9:56  Roach  
  123  10:02  Roach x2  
  123  10:03  Roach  
  123  10:05  Overlord  
  129  10:11  Extractor  
  127  10:14  Ravager x2  
  127  10:17  Queen  
  127  10:19  Roach x2  
  132  10:23  Roach x2  
  132  10:27  Roach  
  138  10:32  Roach x2  
  138  10:33  Roach  
  138  10:34  Overlord  
  111  10:50  Roach x8  
  111  10:52  Roach  
  102  10:59  Roach x2  
  102  11:00  Roach  
  102  11:02  Roach  
  85  11:04  Roach  
  85  11:07  Roach  

Tags
 
Add a new tag
Caveats
  • Supply blocks, unpowered buildings, or Contaminate may cause inaccurate times.
  • Supply counts are checked every 10 seconds.